 Dungeon Crawl Stone Soup version 0.20-a0-509-ga2a529b (webtiles) character file.

185 Kaname the Stinger (level 5, -2/35 HPs)
             Began as a Demonspawn Venom Mage on Jan 22, 2017.
             Killed from afar by an orc wizard (8 damage)
             ... with a magic dart
             ... on level 4 of the Dungeon.
             The game lasted 00:06:46 (2696 turns).

Kaname the Stinger (Demonspawn Venom Mage)          Turns: 2696, Time: 00:06:46

Health: -2/35      AC:  5    Str:  9    XL:     5   Next: 37%
Magic:  0/8        EV: 12    Int: 17    God:
Gold:   154        SH:  0    Dex: 13    Spells: 4/8 levels left

rFire    . . .     SeeInvis .   j - -3 whip (curse)
rCold    + . .     Gourm    .   a - +0 robe
rNeg     . . .     Faith    +   (no shield)
rPois    .         Spirit   .   (no helmet)
rElec    .         Reflect  .   d - +2 cloak
rCorr    .         Harm     .   (no gloves)
MR       .....                  (no boots)
Stlth    +.........             n - amulet of faith
Regen    0.2/turn               (no ring)
                                e - ring of protection from cold

@: confused
A: claws 2, spiny 2
a: no special abilities


You were on level 4 of the Dungeon.
You were hungry.

You visited 1 branch of the dungeon, and saw 4 of its levels.

You collected 154 gold pieces.

Inventory:

Hand Weapons
 f - a +0 dagger
 j - a cursed -3 whip (weapon)
Missiles
 q - 7 javelins (quivered)
Armour
 a - a +0 robe (worn)
 d - a +2 cloak (worn)
Magical Staves
 o - an uncursed staff of poison {unknown}
Jewellery
 e - a ring of protection from cold (left claw)
 n - an amulet of faith (around neck)
Wands
 s - a wand of digging (10/24)
Scrolls
 g - 2 scrolls of teleportation
 h - 3 scrolls of enchant armour
 i - a scroll of recharging {unknown}
 k - a scroll of fog
 l - a scroll of magic mapping
 m - 2 scrolls of identify
Potions
 p - a potion of heal wounds
 r - a potion of cancellation {unknown}
Books
 b - a Young Poisoner's Handbook

   Spells                             Type                      Level
   a - Sting                          Conjuration/Poison           1
   b - Poisonous Vapours              Poison/Air                   2
   c - Mephitic Cloud                 Conjuration/Poison/Air       3
   d - Olgreb's Toxic Radiance        Poison                       4
   e - Venom Bolt                     Conjuration/Poison           5
Comestibles
 c - 5 bread rations
 t - 2 chunks of flesh


   Skills:
 - Level 1.7 Dodging
 - Level 1.7 Stealth
 - Level 2.0 Spellcasting
 - Level 2.0 Conjurations
 + Level 5.8 Poison Magic


You had 4 spell levels left.
You knew the following spells:

 Your Spells              Type           Power        Failure   Level  Hunger
a - Sting                 Conj/Pois      ###.         4%          1    #......
b - Mephitic Cloud        Conj/Pois/Air  ##......     21%         3    ###....


Dungeon Overview and Level Annotations

Branches:
Dungeon (4/15)
 Temple: D:4-7

Altars:
Gozag


Innate Abilities, Weirdness & Mutations

You have very sharp fingernails.
You are mostly covered in sharp spines.


Message History

Aim: an orc wizard, wielding a dagger and wearing a robe (moderately wounded, poisoned)
The sting hits the orc wizard.
The orc wizard appears unharmed.
The orc wizard is moderately wounded.
The orc wizard casts a spell at you.
You are confused.
Unknown command.
You are feeling hungry.
You closely miss the orc wizard.
The orc wizard is moderately wounded.
The orc wizard hits you but does no damage.
You closely miss the orc wizard.
The orc wizard is heavily wounded.
The orc wizard is struck by your spines.
The orc wizard hits you with a dagger.
* * * LOW HITPOINT WARNING * * *
You miss the orc wizard.
The orc wizard is heavily wounded.
The orc wizard gestures at you while chanting.
The magic dart hits you!
You die...

#......#
#....<.#
#......###### #
#......)....#
#.#............
#.'......>.....
#......####.#
#...o.## #
#.########.###@#
#............#.#
#####..)...###+#
+..........
#...........
#............
##......##+#.
#.....[[
######.##


You could see an orc wizard.

Vanquished Creatures
  A howler monkey (D:4)
  An orc wizard (D:4)
  Jessica (D:3)
  2 adders (D:2)
  3 worms (D:2)
  2 dart slugs
  2 leopard geckos
  4 orcs
  2 giant cockroaches (D:2)
  8 goblins
  11 hobgoblins
  3 bats
  4 frilled lizards
  7 kobolds
  5 rats
56 creatures vanquished.

Notes
Turn   | Place    | Note
-------+----------+-------------------------------------------
     0 | D:1      | Kaname the Demonspawn Venom Mage began the quest for the Orb.
     0 | D:1      | Reached XP level 1. HP: 13/13 MP: 3/3
   322 | D:1      | Gained mutation: You are partially covered in sharp spines. [demonic ancestry]
   322 | D:1      | Reached XP level 2. HP: 19/19 MP: 0/5
   945 | D:2      | Gained mutation: You are mostly covered in sharp spines. [demonic ancestry]
   945 | D:2      | Reached XP level 3. HP: 19/24 MP: 0/6
   950 | D:2      | Learned a level 3 spell: Mephitic Cloud
  1056 | D:2      | Reached skill level 4 in Poison Magic
  1653 | D:2      | Gained mutation: You have sharp fingernails. [demonic ancestry]
  1653 | D:2      | Reached XP level 4. HP: 27/30 MP: 4/7
  1923 | D:3      | Noticed Jessica
  1926 | D:3      | Killed Jessica
  1926 | D:3      | Reached skill level 5 in Poison Magic
  2195 | D:3      | Found an opulent altar of Gozag.
  2648 | D:4      | Gained mutation: You have very sharp fingernails. [demonic ancestry]
  2648 | D:4      | Reached XP level 5. HP: 33/35 MP: 8/8
  2696 | D:4      | Killed from afar by an orc wizard

Vault maps used:
D:1:      nagdon_arrival_double_spiral
D:2:      minmay_goblin_kobold_house
D:3:      mumra_celtic_spiral_tile, grunt_gozag_breadcrumbs, first_bread,
          uniq_jessica
D:4:      minmay_opposing_rooms

Skill      XL: |  1  2  3  4 |
---------------+-------------+-----
Conjurations   | 2 |  2.0
Poison Magic   | 4 5 |  5.8
Dodging        | |  1.7
Stealth        | |  1.7
Spellcasting   | |  2.0

Action                   |  1- 3 |  4- 6 || total
-------------------------+-------+-------++-------
Melee: Dagger            |    22 |       ||    22
       Unarmed           |     1 |       ||     1
       Whip              |    55 |    41 ||    96
 Cast: Sting             |    39 |    13 ||    52
  Use: Scroll            |     5 |       ||     5
 Stab: Sleeping          |     1 |     3 ||     4
  Eat: Chunk             |     3 |     3 ||     6
Armor: Robe              |    13 |    10 ||    23
Dodge: Dodged            |    45 |    18 ||    63
